 Dungeon Crawl Stone Soup version 0.29.1-12-g30fa7ad0bf (webtiles) character file.

Game seed: 9590429516936904558

144 funkygono the Firebug (level 5, -4/36 HPs)
             Began as a Demonspawn Fire Elementalist on Jan 4, 2023.
             Killed from afar by Ijyb (24 damage)
             ... with a bolt of acid
             ... on level 4 of the Dungeon.
             The game lasted 00:04:10 (3148 turns).

funkygono the Firebug (DsFE)                        Turns: 3148, Time: 00:04:10

Health: -4/36      AC:  5    Str:  8    XL:     5   Next: 5%
Magic:  5/9        EV: 11    Int: 19    God:
Gold:   229        SH:  0    Dex: 15    Spells: 0/10 levels left

rFire   . . .      SeeInvis .   p - +0 whip
rCold   . . .      Faith    .   (no shield)
rNeg    + + +      Spirit   .   k - +1 leather armour of a bailey {Harm rN+++ Dex+2 Stlth-}
rPois   .          Reflect  .   s - +1 hat
rElec   .          Harm     +   (no cloak)
rCorr   .          Rampage  .   (no gloves)
Will    .....                   (no boots)
Stlth   +.........              j - amulet of magic regeneration
HPRegen 0.12/turn               (no ring)
MPRegen 0.51/turn               (no ring)

@: lethally poisoned (-4 -> -21), very slightly contaminated
A: horns 1, foul stench 1
a: no special abilities


You were on level 4 of the Dungeon.
You visited 1 branch of the dungeon, and saw 4 of its levels.

You collected 229 gold pieces.

Inventory:

Hand Weapons
 i - a +0 scimitar
 p - a +0 whip (weapon)
Armour
 a - a +0 robe
 h - a +1 leather armour of poison resistance
 k - the +1 leather armour of a bailey (worn) {Harm rN+++ Dex+2 Stlth-}
   (You found it on level 2 of the Dungeon)

   Dex:       It affects your dexterity (+2).
   rN:        It renders you almost immune to negative energy.
   Harm:      It increases damage dealt and taken.
   Stlth:     It makes you less stealthy.
 l - a +3 leather armour
 s - a +1 hat (worn)
Jewellery
 g - an amulet of reflection
 j - an amulet of magic regeneration (around neck)
Scrolls
 c - a scroll of acquirement {unknown}
 d - 2 scrolls of fear {unknown}
 e - 2 scrolls of identify {unknown}
 n - a scroll of enchant weapon {unknown}
 o - a scroll of silence {unknown}
 q - a scroll of butterflies {unknown}
Potions
 b - a potion of magic
 f - a potion of haste {unknown}
 m - 2 potions of flight {unknown}
 r - a potion of ambrosia {unknown}


   Skills:
 + Level 0.8 Fighting
 + Level 1.3 Armour
 + Level 2.0 Dodging
 - Level 1.7 Stealth
 + Level 3.1 Spellcasting
 + Level 2.1 Conjurations
 + Level 3.5 Fire Magic


You couldn't memorise any spells.
You knew the following spells:

 Your Spells              Type           Power      Damage    Failure   Level
a - Foxfire               Conj/Fire      52%        2x1d6     7%          1
b - Scorch                Fire           32%        2d7       8%          2
c - Conjure Flame         Conj/Fire      13%        6-21      21%         3
d - Flame Wave            Conj/Fire      13%        2d6       54%         4

Your spell library contained the following spells:

 Spells                   Type           Power      Damage    Failure   Level
 Inner Flame              Hex/Fire       9%         N/A       30%         3


Dungeon Overview and Level Annotations

Branches:
Dungeon (4/15)
 Temple: D:4-7

Altars:

Annotations:
D:4 Ijyb


Innate Abilities, Weirdness & Mutations

You have a pair of small horns on your head.
You may rarely emit foul miasma when damaged in melee.


Message History

(D) Dungeon
Where to? (Enter - D:3, ? - help)
What level of the Dungeon? (default 1, ? - help)
There is a stone staircase leading down here.
You climb downwards.
Ijyb shouts!
There is a stone staircase leading up here.
Ijyb is nearby!
Casting: Foxfire (safe; 7% risk of failure)
Confirm with . or Enter, or press ? or * to list all spells.
You conjure some foxfire!
Casting: Foxfire (safe; 7% risk of failure)
Confirm with . or Enter, or press ? or * to list all spells.
You conjure some foxfire!
The foxfire hits Ijyb.
Ijyb is lightly wounded.
The foxfire hits Ijyb.
Ijyb is moderately wounded.
Ijyb hits you with a +0 dagger of venom.
You are poisoned.
Casting: Foxfire (safe; 7% risk of failure)
Confirm with . or Enter, or press ? or * to list all spells.
You miscast Scorch.
You are very lightly contaminated with residual magic.
Nothing appears to happen.
You feel very sick.
The foxfire hits Ijyb.
Ijyb is moderately wounded.
The foxfire hits Ijyb but does no damage.
Ijyb is moderately wounded.
Ijyb hits you with a +0 dagger of venom.
You are more poisoned.
Casting: Scorch (safe; 8% risk of failure)
Confirm with . or Enter, or press ? or * to list all spells.
Flames lash Ijyb.
Ijyb is severely wounded.
Ijyb's fire resistance burns away.
You feel very sick.
Ijyb zaps a wand.
The bolt of acid hits you!!
Ouch! That really hurt!
You die...

##....# #.....
.....# ##....##
#. .#.
#......#...
....#..........
......ยง.g....#.
.......@.......
........#....#.
........# .....
......... ##..
........# .
.......##
....... ..##.#.


You could see Ijyb (combustible).

Vanquished Creatures
  Terence (D:3)
  An orc wizard (D:3)
  3 adders
  2 dart slugs (D:3)
  9 orcs (D:3)
  2 ball pythons
  A bat (D:1)
  6 endoplasms
  A giant cockroach (D:3)
  4 hobgoblins
  5 jackals
  7 quokkas
  2 goblins
  3 kobolds
  4 rats
51 creatures vanquished.

Vanquished Creatures (collateral kills)
  A foxfire (D:3)
1 creature vanquished.

Vanquished Creatures (others)
  173 foxfires
173 creatures vanquished.

Grand Total: 225 creatures vanquished

Notes
Turn   | Place    | Note
-------+----------+-------------------------------------------
     0 | D:1      | funkygono the Demonspawn Fire Elementalist began the quest
                  | for the Orb.
     0 | D:1      | Reached XP level 1. HP: 13/13 MP: 3/3
   606 | D:1      | Found a faded altar of an unknown god.
   698 | D:1      | Gained mutation: You may rarely emit foul miasma when
                  | damaged in melee. [demonic ancestry]
   698 | D:1      | Reached XP level 2. HP: 19/19 MP: 0/5
  1086 | D:1      | Learned a level 2 spell: Scorch
  1505 | D:2      | Reached XP level 3. HP: 24/24 MP: 1/6
  1895 | D:2      | Identified the +1 leather armour of a bailey {Harm rN+++
                  | Dex+2 Stlth-}
  2376 | D:3      | Noticed Terence
  2384 | D:3      | Killed Terence
  2385 | D:3      | Reached XP level 4. HP: 29/30 MP: 3/8
  2450 | D:3      | Learned a level 3 spell: Conjure Flame
  2716 | D:3      | Reached skill level 1 in Armour
  2790 | D:3      | Gained mutation: You have a pair of small horns on your
                  | head. [demonic ancestry]
  2790 | D:3      | Reached XP level 5. HP: 31/36 MP: 4/9
  3124 | D:3      | Learned a level 4 spell: Flame Wave
  3144 | D:4      | Noticed Ijyb
  3148 | D:4      | Killed from afar by Ijyb

Illustrated notes

Levels and vault maps discovered:
D:1:      heliophobic_arrival_henge, layout_basic, serial_co_window_serial,
          co_window_of_opportunity_a, co_window_paths_a, co_window_corner_a,
          co_window_paths_a, co_window_corner_a, co_window_unsneaky_path_e,
          co_window_corner_b, co_window_paths_c, co_window_4corner_a,
          glass_columns_a, glass_columns_a, glass_columns_a, glass_columns_b,
          glass_columns_c, shapermc_ecumenical_altar_mp_ritualfount
D:2:      layout_loops_ring
D:3:      layout_basic, chequers_serial_rivers_small_3, serial_park_tiny_1,
          uniq_terence
D:4:      layout_cave_pools, grunt_dithmenos_smoke, uniq_blork_the_orc,
          uniq_pikel, uniq_ijyb

Skill      XL: |  1  2  3  4 |
---------------+-------------+-----
Fire Magic     | 3 |  3.5
Spellcasting   | 3 |  3.1
Conjurations   | 2 |  2.1
Dodging        | 2 |  2.0
Armour         | 1 |  1.3
Fighting       | |  0.8
Stealth        | |  1.7

Action                   |  1- 3 |  4- 6 || total
-------------------------+-------+-------++-------
Melee: Unarmed           |     1 |       ||     1
       Club              |     8 |     1 ||     9
       Whip              |       |     4 ||     4
 Cast: Foxfire           |    55 |    48 ||   103
       Scorch            |     5 |     4 ||     9
Armor: Robe              |     3 |       ||     3
       Leather armour    |     4 |    10 ||    14
Dodge: Dodged            |    22 |    12 ||    34
Block: Other             |     1 |       ||     1
